 Dungeon Crawl Stone Soup version 0.21-a0-642-g5d013b2151 (webtiles) character file.

0 Manul the Ducker (level 1, -31/11 HPs)
             Began as a Spriggan Abyssal Knight on Dec 31, 2017.
             Was a Follower of Lugonu.
             Killed from afar by a ynoxinul (38 damage)
             ... with an iron shot
             ... on level 1 of the Abyss.
             The game lasted 00:00:12 (138 turns).

Manul the Ducker (Spriggan Abyssal Knight)           Turns: 138, Time: 00:00:13

Health: -31/11     AC:  2    Str:  8    XL:     1   Next: 0%
Magic:  3/3        EV: 18    Int: 13    God:    Lugonu [*.....]
Gold:   0          SH:  0    Dex: 15    Spells: 0/0 levels left

rFire    . . .     SeeInvis +   a - +1 short sword
rCold    . . .     Gourm    .   (shield restricted)
rNeg     . . .     Faith    .   b - +0 robe
rPois    .         Spirit   .   (helmet restricted)
rElec    .         Reflect  .   (no cloak)
rCorr    .         Harm     .   (gloves unavailable)
MR       .....                  (boots unavailable)
Stlth    +.........             (no amulet)
HPRegen  0.00/turn              (no ring)
MPRegen  0.08/turn              (no ring)

@: non-regenerating, diseased, very quick
A: very small, unfitting armour, see invisible, herbivore, speed 3, slow
metabolism 2
a: Depart the Abyss, Renounce Religion


You were on level 1 of the Abyss.
You worshipped Lugonu.
Lugonu was aware of your devotion.
You were not hungry.

You visited 0 branches of the dungeon, and saw 0 of its levels.
You visited the Abyss 1 time.

Inventory:

Hand Weapons
 a - a +1 short sword (weapon)
Armour
 b - a +0 robe (worn)
Comestibles
 c - a ration


   Skills:
 + Level 2.4 Fighting
 + Level 2.1 Short Blades
 + Level 3.5 Dodging
 + Level 1.7 Invocations


You couldn't memorise any spells.
You didn't know any spells.

Dungeon Overview and Level Annotations

Branches:
Dungeon (0/15)

Altars:


Innate Abilities, Weirdness & Mutations

You are very small and have problems with some larger weapons.
You are too small for most types of armour.
You have supernaturally acute eyesight. (SInv)
You are a herbivore.
You cover ground extremely quickly.
You need consume almost no food.


Message History

2 starspawn tentacles come into view.
The starspawn tentacle grabs you. The starspawn tentacle constricts you.
You escape the starspawn tentacle's grasp.
An ancient zyme comes into view.
The ancient zyme moves out of view.
The starspawn tentacle closely misses you.
An iron imp comes into view.
The starspawn tentacle grabs you. The starspawn tentacle constricts you.
You feel yourself growing ill in the presence of the ancient zyme.
You escape the starspawn tentacle's grasp.
The iron imp shouts, "Remove thy stench, thou obnoxious roguish vulture!"
You feel ill.
Found a gateway leading out of the Abyss.
Found 10 gold pieces.
A ynoxinul comes into view.
A bone dragon comes into view.
The ynoxinul gestures at you. The iron shot hits you!
Ouch! That really hurt!
You die...

.........#..#
...........# ..
........#.# ...
#......#..
...##........ .
..D........# ..
...........#.#
........@...#
....3.....###
............#
.............# .#
#......##.....# ..
##. ....##.....#.#
...........x.....##
... ...............#
..................###


You could see a bone dragon, an ancient zyme and a ynoxinul.

Vanquished Creatures (others)
  2 starspawn tentacles (Abyss:1)
2 creatures vanquished.

Notes
Turn   | Place    | Note
-------+----------+-------------------------------------------
     0 | Abyss:1  | Manul the Spriggan Abyssal Knight began the quest for the Orb.
     0 | Abyss:1  | Reached XP level 1. HP: 11/11 MP: 3/3
   102 | Abyss:1  | Noticed a shadow dragon
   114 | Abyss:1  | Noticed a tentacled starspawn
   114 | Abyss:1  | Noticed an ice dragon zombie
   120 | Abyss:1  | Noticed an ancient zyme
   121 | Abyss:1  | Noticed an iron imp
   132 | Abyss:1  | Noticed a ynoxinul
   134 | Abyss:1  | Noticed a bone dragon
   138 | Abyss:1  | Killed from afar by a ynoxinul

Vault maps used:

Action                   || total
-------------------------++-------
Dodge: Dodged            ||     1

Table legend:
 A = Spawn XP
 B = Non-spawn XP
 C = Spawn XP percentage of total XP
 D = Spawn monster count
 E = Non-spawn monster count
 F = Spawn count percentage of total count
 G = Total turns spent on level
                    A         B        C        D         E        F      G
               +---------+---------+-------+---------+---------+-------+---------
         Total |       0 |       0 |   N/A |       0 |       0 |   N/A |   138
               +---------+---------+-------+---------+---------+-------+---------
               +---------+---------+-------+---------+---------+-------+---------
